 Dungeon Sprint DCSS version 0.30-a0-778-g2ef04afb54 (webtiles) character file.

Game seed: 7476033720912368628

6412 BigDaddyOpFi the Anamnesiscian (level 10, -1/90 HPs)
             Began as a Hill Orc Fighter on Feb 15, 2023.
             Was an Elder of Hepliaklqana.
             Slain by a red devil
             ... wielding a +0 trident
              (13 damage)
             ... in the Dungeon (Sprint VII: "The Pits").
             The game lasted 00:03:10 (2221 turns).

BigDaddyOpFi the Anamnesiscian (Hill Orc Fighter)   Turns: 2221, Time: 00:03:10

Health: -1/90      AC: 24    Str: 24    XL:     10   Next: 98%
Magic:  23/23      EV:  7    Int:  8    God:    Hepliaklqana [****..]
Gold:   0          SH:  6    Dex: 10    Spells: 9/9 levels left

rFire   . . .      SeeInvis .    p - +1 broad axe (heavy)
rCold   . . .      Faith    .    c - +0 buckler
rNeg    . . .      Spirit   .    o - +3 plate armour
rPois   .          Reflect  .    (no helmet)
rElec   .          Harm     .    (no cloak)
rCorr   .          Rampage  .    (no gloves)
Will    .....      NoTele   +    (no boots) Stlth
                                 (no amulet)
HPRegen 0.35/turn                b - +3 ring of protection
MPRegen 0.18/turn                m - +3 ring of protection

@: spiked
A: reduced essence
a: Renounce Religion, Recall Ancestor, Ancestor Identity, Transference, Idealise


You were in the Dungeon.
You worshipped Hepliaklqana.
Hepliaklqana was greatly pleased with you.
You visited 1 branch

Inventory:

Hand Weapons
 p - a +1 heavy broad axe (weapon)
Armour
 c - a +0 buckler (worn)
 o - a +3 plate armour (worn)
Jewellery
 b - a +3 ring of protection (left hand)
 m - a +3 ring of protection (right hand)
Potions
 e - 2 potions of curing
 g - 2 potions of haste
 h - 4 potions of magic
 i - 4 potions of berserk rage
 k - 2 potions of invisibility
 n - a potion of brilliance


   Skills:
 + Level 13.3 Fighting
 + Level 13.9 Axes
 + Level 12.0 Armour
 + Level 12.2 Shields
 * Level 19.0 Invocations


You had 9 spell levels left.
You didn't know any spells.
Your spell library was empty.

Dungeon Overview and Level Annotations

Branches:
Dungeon (1/1)

Altars:
Ashenzari
Cheibriados
Dithmenos
Elyvilon
Fedhas
Gozag
Hepliaklqana
Kikubaaqudgha
Makhleb
Nemelex Xobeh
Okawaru
Qazlal
Ru
Sif Muna
Trog
Uskayaw
Vehumet
Wu Jian
Xom
Yredelemnul
Zin
The Shining One
Beogh
Jiyva
Lugonu

Annotations:
D Urug


Message History

The black mamba poisons you!
You feel better. The harpy claws you but does no damage.
The harpy barely misses you. You block the harpy's attack. x2
The black mamba bites you!
* * * LOW HITPOINT WARNING * * *
The red devil hits you but does no damage.
You feel better.
The black mamba bites you but does no damage.
The harpy barely misses you. x2; The black mamba bites you!
* * * LOW HITPOINT WARNING * * *
You are poisoned.
The black mamba poisons you! The red devil barely misses you.
You feel better. You block the harpy's attack. The harpy claws you.
* * * LOW HITPOINT WARNING * * *
The black mamba barely misses you. You block the black mamba's attack.
Urug screams, "Bird-brain!"
The red devil hits you but does no damage.
You closely miss the black mamba.
The black mamba is heavily wounded.
You block the black mamba's attack.
The black mamba bites you but does no damage.
You block the red devil's attack. The harpy claws you!
* * * LOW HITPOINT WARNING * * *
The harpy claws you but does no damage.
You feel better. The harpy claws you.
* * * LOW HITPOINT WARNING * * *
The harpy claws you!
* * * LOW HITPOINT WARNING * * *
The black mamba bites you!
* * * LOW HITPOINT WARNING * * *
You block the black mamba's attack.
The red devil hits you but does no damage.
Urug screams, "I'm goin' to kill you!
Now!"
You aren't carrying any scrolls.
You feel better.
The black mamba bites you but does no damage.
You block the harpy's attack. The harpy claws you but does no damage.
The black mamba bites you but does no damage.
The red devil hits you from afar with a +0 trident!
You die...

'###### '###########
.)...+..+...###
.....+..+.....##
....##..##.....## #
..###....###....# .#
.##.÷......###.### .#
'#)..#†.#...#....#H.#
............+.÷.@So{+
+#)..#..#...#.).H#4.#
.##........###.### .#
..###....###....# .#
....##..##°....## #
.....†..'.....##
##...††.s...###
############


You could see Urug (drained), a black mamba, 2 harpies and a red devil.

Vanquished Creatures
  A minotaur (D)
  A shadow wraith (D)
  A molten gargoyle (D)
  A black mamba (D)
  2 ice devils (D)
  A guardian mummy (D)
  A jumping spider (D)
  A warg (D)
  A floating eye (D)
  A water moccasin (D)
  2 orc warriors (D)
  A sky beast (D)
  4 wolves (D)
  2 centaurs (D)
  A necrophage (D)
  3 wights (D)
  A hell rat (D)
  An adder (D)
  A white imp (D)
  An adder zombie (D)
  A worm (D)
  3 orcs (D)
  3 endoplasms (D)
  2 giant cockroaches (D)
  2 jackals (D)
  2 ball pythons (D)
  2 frilled lizards (D)
43 creatures vanquished.

Vanquished Creatures (collateral kills)
  A two-headed ogre (D)
  A harpy (D)
  A smoke demon (D)
  2 unseen horrors (D)
  A jumping spider (D)
  2 wolves (D)
  A bullfrog (D)
  A scorpion (D)
  A goblin (D)
11 creatures vanquished.

Vanquished Creatures (others)
  3 hexers (D)
  An ancestor (D)
4 creatures vanquished.

Grand Total: 58 creatures vanquished

Notes
Turn   | Place    | Note
-------+----------+-------------------------------------------
     0 | D        | BigDaddyOpFi the Hill Orc Fighter began the quest for the
                  | Orb.
     0 | D        | Reached XP level 1. HP: 19/19 MP: 1/1
    20 | D        | Found a bloodstained altar of Trog.
    20 | D        | Found a shimmering blue altar of Sif Muna.
    20 | D        | Found a viscous altar of Jiyva.
    20 | D        | Found a hazy altar of Hepliaklqana.
    20 | D        | Found an opulent altar of Gozag.
    21 | D        | Found a glowing golden altar of the Shining One.
    21 | D        | Found a glowing silver altar of Zin.
    21 | D        | Found a basalt altar of Yredelemnul.
    21 | D        | Found a shimmering altar of Xom.
    21 | D        | Found an ornate altar of the Wu Jian Council.
    21 | D        | Found a sacrificial altar of Ru.
    21 | D        | Found a stormy altar of Qazlal.
    21 | D        | Found an iron altar of Okawaru.
    21 | D        | Found a sparkling altar of Nemelex Xobeh.
    21 | D        | Found a burning altar of Makhleb.
    21 | D        | Found a blossoming altar of Fedhas.
    21 | D        | Found a white marble altar of Elyvilon.
    21 | D        | Found a shadowy altar of Dithmenos.
    21 | D        | Found a snail-covered altar of Cheibriados.
    22 | D        | Found a radiant altar of Vehumet.
    22 | D        | Found a corrupted altar of Lugonu.
    22 | D        | Found a roughly hewn altar of Beogh.
    23 | D        | Found an ancient bone altar of Kikubaaqudgha.
    23 | D        | Found a hide-covered altar of Uskayaw.
    23 | D        | Found a broken altar of Ashenzari.
    26 | D        | Became a worshipper of Hepliaklqana the Forgotten
    67 | D        | Reached skill level 1 in Invocations
    74 | D        | Reached XP level 2. HP: 23/27 MP: 1/3
   182 | D        | Noticed a floating eye
   183 | D        | Paralysed by a floating eye for 4 turns
   189 | D        | Reached skill level 2 in Invocations
   190 | D        | Killed a floating eye
   191 | D        | Reached skill level 5 in Fighting
   191 | D        | Reached skill level 5 in Axes
   191 | D        | Reached skill level 5 in Armour
   191 | D        | Reached skill level 5 in Shields
   191 | D        | Reached skill level 6 in Invocations
   191 | D        | Reached XP level 3. HP: 37/37 MP: 3/7
   191 | D        | Reached XP level 4. HP: 44/44 MP: 3/8
   335 | D        | Reached * piety under Hepliaklqana
   345 | D        | Reached XP level 5. HP: 42/45 MP: 8/10
   397 | D        | Noticed a centaur
   407 | D        | Killed a centaur
   408 | D        | Reached skill level 8 in Invocations
   611 | D        | Reached ** piety under Hepliaklqana
   614 | D        | Remembered your ancestor Khalidah as a hexer
   624 | D        | Noticed an orc warrior
   630 | D        | Killed an orc warrior
   631 | D        | Reached skill level 9 in Invocations
   631 | D        | Reached XP level 6. HP: 40/54 MP: 11/13
   778 | D        | Noticed a sky beast
   786 | D        | Killed a sky beast
   787 | D        | Reached skill level 10 in Invocations
   788 | D        | Noticed a warg
   788 | D        | Noticed an orc warrior
   796 | D        | Killed an orc warrior
   797 | D        | Reached skill level 11 in Invocations
   797 | D        | Reached XP level 7. HP: 54/61 MP: 15/15
   803 | D        | Killed a warg
   876 | D        | Noticed a molten gargoyle
   876 | D        | Noticed a black mamba
   890 | D        | Killed a black mamba
   891 | D        | Reached skill level 12 in Invocations
   891 | D        | Reached XP level 8. HP: 70/70 MP: 15/17
   895 | D        | Killed a molten gargoyle
   896 | D        | Reached skill level 10 in Axes
   896 | D        | Reached skill level 13 in Invocations
  1172 | D        | Reached *** piety under Hepliaklqana
  1175 | D        | Noticed a two-headed ogre
  1181 | D        | Killed a two-headed ogre
  1182 | D        | Reached skill level 10 in Fighting
  1182 | D        | Reached skill level 14 in Invocations
  1182 | D        | Reached XP level 9. HP: 41/77 MP: 18/20
  1417 | D        | Noticed an ice devil
  1422 | D        | Killed an unseen horror
  1423 | D        | Reached skill level 15 in Invocations
  1424 | D        | Killed an ice devil
  1425 | D        | Reached skill level 10 in Armour
  1425 | D        | Reached skill level 10 in Shields
  1439 | D        | HP: 1/80 [something (11)]
  1448 | D        | Killed a shadow wraith
  1449 | D        | Reached skill level 16 in Invocations
  1453 | D        | Reached **** piety under Hepliaklqana
  1468 | D        | Killed an unseen horror
  1469 | D        | Reached XP level 10. HP: 42/87 MP: 22/22
  1730 | D        | Reached skill level 17 in Invocations
  1824 | D        | Noticed a smoke demon
  1827 | D        | Killed a smoke demon
  1844 | D        | Reached skill level 18 in Invocations
  2197 | D        | Noticed a harpy
  2198 | D        | Noticed Urug
  2199 | D        | Killed a harpy
  2199 | D        | Noticed a minotaur
  2201 | D        | Noticed a black mamba
  2202 | D        | Noticed a harpy
  2203 | D        | Noticed a harpy
  2212 | D        | Killed a minotaur
  2213 | D        | Reached skill level 19 in Invocations
  2220 | D        | HP: 1/90 [black mamba (7)]
  2221 | D        | Slain by a red devil

Illustrated notes

Levels and vault maps discovered:
D:        pitsprint [storerooms_1, entrance_room_1, metal_vault_4, armoury_1,
          mini_pit_1, grid_room_1, main_hall_1, silver_pit, the_coven_2,
          the_vestibule_1, steel_vault_3, golden_pit, hallway_of_sentries,
          crystal_vault_3, iron_vault_3, final_vault]

Skill      XL: |  1  2  3  4  5  6  7  8  9 10 |
---------------+-------------------------------+-----
Axes           | 3 5 7 8 9 10 12 13 | 13.9
Fighting       | 4 5 7 8 9 10 11 13 | 13.3
Invocations    | 1 6 9 11 12 14 16 19 | 19.0
Armour         | 5 6 7 8 9 10 12 | 12.0
Shields        | 5 6 7 8 9 10 12 | 12.2

Action                     |  1- 3 |  4- 6 |  7- 9 | 10-12 || total
---------------------------+-------+-------+-------+-------++-------
  Melee: War axe           |    25 |    41 |    20 |       ||    86
         Broad axe         |       |       |    27 |    52 ||    79
 Invoke: Ancestor Life: He |       |     1 |       |       ||     1
    Use: Potion            |       |       |    10 |     6 ||    16
         Scroll            |       |       |     1 |       ||     1
   Stab: Distracted        |       |       |     1 |     4 ||     5
 Armour: Scale mail        |    14 |    20 |     5 |       ||    39
         Plate armour      |       |       |    48 |    63 ||   111
  Dodge: Dodged            |    20 |    17 |    13 |    34 ||    84
  Block: Buckler           |     3 |    13 |    14 |    34 ||    64

Table legend: (Time is in decaauts)
 A = Elapsed time spent in this place.
 B = Non-inter-level travel time spent in this place.
 C = Inter-level travel time spent in this place.
 D = Time resting spent in this place.
 E = Time spent auto-exploring this place.
 F = Levels seen in this place.
 G = Mean time per level.
                   A        B        C        D        E       F      G
               +--------+--------+--------+--------+--------+-----+--------+
         Total |   2304 |   2247 |     57 |   1749 |      0 |   1 | 2304.0 |
       Dungeon |   2304 |   2247 |     57 |   1749 |      0 |   1 | 2304.0 |
               +--------+--------+--------+--------+--------+-----+--------+

Top non-repeatable levels by time:
       D: 2304 daAuts
